 Dungeon Crawl Stone Soup version 0.30-a0-883-g5ad918d77d (webtiles) character file.

Game seed: 12219376753992277576

16 jlumianski the Trooper (level 2, -1/24 HPs)
             Began as a Demonspawn Fighter on Mar 16, 2023.
             Slain by Terence
             ... wielding a +0 flail
              (2 damage)
             ... on level 2 of the Dungeon.
             The game lasted 00:00:43 (132 turns).

jlumianski the Trooper (Demonspawn Fighter)          Turns: 132, Time: 00:00:44

Health: -1/24      AC:  6    Str: 16    XL:     2   Next: 37%
Magic:  2/2        EV:  8    Int:  9    God:
Gold:   38         SH:  4    Dex: 12    Spells: 1/1 levels left

rFire   . . .      SeeInvis .    a - +0 war axe
rCold   . . .      Faith    .    c - +0 buckler
rNeg    . . .      Spirit   .    b - +0 scale mail
rPois   .          Reflect  .    (no helmet)
rElec   .          Rampage  .    (no cloak)
rCorr   .                        (no gloves)
Will    .....                    (no boots) Stlth
                                 (no amulet)
HPRegen 0.24/turn                (no ring)
MPRegen 0.08/turn                (no ring)

@: no status effects
A: hooves 1
a: no special abilities


You were on level 2 of the Dungeon.
You visited 1 branch of the dungeon, and saw 2 of its levels.

You collected 38 gold pieces.

Inventory:

Hand Weapons
 a - a +0 war axe (weapon)
Armour
 b - a +0 scale mail (worn)
 c - a +0 buckler (worn)
Scrolls
 f - a scroll of fog {unknown}
Potions
 d - a potion of might
 e - a potion of invisibility {unknown}


   Skills:
 + Level 3.3 Fighting
 + Level 1.9 Axes
 + Level 2.9 Armour
 + Level 2.9 Shields


You had one spell level left.
You didn't know any spells.
Your spell library was empty.

Dungeon Overview and Level Annotations

Branches:
Dungeon (2/15)

Altars:

Annotations:
D:2 Terence


Innate Abilities, Weirdness & Mutations

You have large cloven feet.


Message History

You kill the adder!
You have reached level 2!
You feel monstrous as your demonic heritage exerts itself.
Your demonic ancestry asserts itself...
Your feet thicken and deform.
f - a scroll labelled CICHIANNUIWI Terence the Incautious comes into view.
He is wielding a +0 flail and carrying a wand of flame (17).
Terence shouts!
Terence bares his teeth.
Terence zaps a wand.
The puff of flame hits you.
A worm comes into view.
You see here a scroll labelled DISTRAONKETERGH.
You hit Terence.
Terence is lightly wounded.
Terence zaps a wand.
The puff of flame hits you.
You hit Terence but do no damage.
Terence is lightly wounded.
Terence zaps a wand.
The puff of flame hits you. Terence hits you with a +0 flail!
* * * LOW HITPOINT WARNING * * *
You hit Terence but do no damage.
Terence is lightly wounded.
Terence zaps a wand.
The puff of flame hits you but does no damage.
You slash Terence! You kick Terence, but do no damage.
Terence is heavily wounded.
You block Terence's attack. Terence barely misses you.
You hit Terence but do no damage. You kick Terence.
Terence is heavily wounded.
Terence hits you with a +0 flail.
* * * LOW HITPOINT WARNING * * *
You hit Terence.
Terence is heavily wounded.
Terence hits you but does no damage. Terence hits you with a +0 flail.
* * * LOW HITPOINT WARNING * * *
You hit Terence.
Terence is almost dead.
You barely miss the worm. The worm bites you but does no damage.
Terence hits you with a +0 flail.
You die...

#.## ... ########.#
...).....# #.#.#..######
#.#..........
#.###....####
#......†.######
#.###...........@#
........###.#...@w......
#.###....##.........#.##
#.#<#.###.##.##.#
$.....................
....#.#.#...#.#..##....
#.#.#.......#.#..# ####
. . . ......#..... #
####.###...


You could see Terence and a worm.

Vanquished Creatures
  An adder (D:2)
  An endoplasm (D:1)
  2 goblins (D:1)
  A quokka (D:1)
  A frilled lizard (D:1)
  A rat (D:1)
7 creatures vanquished.

Notes
Turn   | Place    | Note
-------+----------+-------------------------------------------
     0 | D:1      | jlumianski the Demonspawn Fighter began the quest for the
                  | Orb.
     0 | D:1      | Reached XP level 1. HP: 18/18 MP: 1/1
   109 | D:2      | Discovered your monstrous ancestry.
   109 | D:2      | Gained mutation: You have large cloven feet. [demonic
                  | ancestry]
   109 | D:2      | Reached XP level 2. HP: 24/24 MP: 2/2
   119 | D:2      | Noticed Terence
   131 | D:2      | HP: 1/24 [Terence/+0 flail (2)]
   132 | D:2      | Slain by Terence

Illustrated notes

Levels and vault maps discovered:
D:1:      heliophobic_arrival_dark_side_of_the_moon, layout_basic,
          roderic_roman_lattice, serial_bayou_crossing
D:2:      layout_loops_ring, minmay_tall_x, uniq_natasha, uniq_terence

Action                     || total
---------------------------++-------
  Melee: War axe           ||    25
         Kick              ||     2
 Armour: Scale mail        ||    12
  Dodge: Dodged            ||    12
  Block: Buckler           ||     9

Table legend: (Time is in decaauts)
 A = Elapsed time spent in this place.
 B = Non-inter-level travel time spent in this place.
 C = Inter-level travel time spent in this place.
 D = Time resting spent in this place.
 E = Time spent auto-exploring this place.
 F = Levels seen in this place.
 G = Mean time per level.
                   A        B        C        D        E       F      G
               +--------+--------+--------+--------+--------+-----+--------+
         Total |    144 |    144 |      0 |      0 |     39 |   2 |   72.0 |
       Dungeon |    144 |    144 |      0 |      0 |     39 |   2 |   72.0 |
               +--------+--------+--------+--------+--------+-----+--------+

Top non-repeatable levels by time:
     D:1: 97 daAuts
     D:2: 46 daAuts
